 Dungeon Sprint DCSS version 0.30-a0-360-g447f08457e (webtiles) character file.

Game seed: 6849663803615744708

20 Pestilence the Slasher (level 2, -3/24 HPs)
             Began as a Demonspawn Gladiator on Nov 13, 2022.
             Slain by an iguana (9 damage)
             ... in the Dungeon (Sprint IX: "|||||||||||||||||||||||||||||").
             The game lasted 00:00:13 (46 turns).

Pestilence the Slasher (Demonspawn Gladiator)         Turns: 46, Time: 00:00:14

Health: -3/24      AC:  4    Str: 14    XL:     2   Next: 58%
Magic:  2/2        EV: 12    Int:  9    God:
Gold:   0          SH:  0    Dex: 14    Spells: 1/1 levels left

rFire   . . .      SeeInvis .    a - +0 long sword
rCold   . . .      Faith    .    (no shield)
rNeg    . . .      Spirit   .    b - +0 leather armour
rPois   .          Reflect  .    c - +0 helmet
rElec   .          Harm     .    (no cloak)
rCorr   .          Rampage  .    (no gloves)
Will    .....      NoTele   +    (no boots)
Stlth   +.........               (no amulet)
HPRegen 0.24/turn                (no ring)
MPRegen 0.08/turn                (no ring)

@: no status effects
A: demonic guardian 1
a: no special abilities


You were in the Dungeon.
You visited 1 branch

Inventory:

Hand Weapons
 a - a +0 long sword (weapon)
Missiles
 d - 3 throwing nets (quivered)
 e - a javelin
Armour
 b - a +0 leather armour (worn)
 c - a +0 helmet (worn)
Scrolls
 k - a scroll of blinking
Potions
 g - a potion of heal wounds
 h - a potion of haste
 i - 2 potions of magic
 j - a potion of berserk rage


   Skills:
 + Level 3.2 Fighting
 + Level 3.6 Long Blades
 - Level 1.7 Throwing
 + Level 2.1 Armour
 + Level 3.6 Dodging


You had one spell level left.
You didn't know any spells.
Your spell library was empty.

Dungeon Overview and Level Annotations

Branches:
Dungeon (1/1)

Altars:


Innate Abilities, Weirdness & Mutations

A weak demonic guardian rushes to your aid.


Message History

You hit the adder but do no damage.
The adder is severely wounded.
The adder misses you.
You slash the adder!
You kill the adder!
The ufetubus hits you. The ufetubus closely misses you.
Your Fighting skill increases to level 3!
You have reached level 2!
Your demonic ancestry asserts itself...
You feel the presence of a demonic guardian.
You feel better. The ufetubus hits you.
The ufetubus hits you but does no damage. x2
The ufetubus closely misses you.
You miss the ufetubus. The ufetubus misses you. The ufetubus hits you.
A demonic guardian appears!
You slash the ufetubus!
You kill the ufetubus!
The iguana misses you.
Your Armour skill increases to level 2!
You swap places.
Your shadow imp hits the iguana.
The iguana closely misses your shadow imp.
Unknown command.
Your shadow imp hits the iguana.
The iguana barely misses your shadow imp.
Your shadow imp hits the iguana but does no damage.
The iguana bites your shadow imp!
Your shadow imp closely misses the iguana.
The iguana bites your shadow imp!
Your shadow imp dies!
Your shadow imp disappears in a puff of smoke!
You closely miss the iguana.
The iguana is lightly wounded.
The iguana bites you!
Ouch! That really hurt!
* * * LOW HITPOINT WARNING * * *
A demonic guardian appears!
You closely miss the iguana.
The iguana is lightly wounded.
The iguana bites you!
You die...

▓+▓
▓.▓
▓.▓
▓.▓
▓.▓
▓s▓
▓w▓
▓l▓
▓@▓
▓5▓
▓)▓
▓†▓
▓'▓
▓.▓
▓.▓
▓.▓
▓<▓


You could see a worm, a scorpion, an iguana (ally target) and a friendly quasit
(summoned).

Vanquished Creatures
  An adder (D)
  An ufetubus (D)
  An endoplasm (D)
  A giant cockroach (D)
  A quokka (D)
  A frilled lizard (D)
  A kobold (D)
7 creatures vanquished.

Notes
Turn   | Place    | Note
-------+----------+-------------------------------------------
     0 | D        | Pestilence the Demonspawn Gladiator began the quest for the
                  | Orb.
     0 | D        | Reached XP level 1. HP: 16/16 MP: 1/1
    11 | D        | Reached skill level 1 in Armour
    32 | D        | Noticed a scorpion
    32 | D        | Noticed an iguana
    37 | D        | Gained mutation: A weak demonic guardian rushes to your
                  | aid. [demonic ancestry]
    37 | D        | Reached XP level 2. HP: 12/24 MP: 2/2
    46 | D        | Slain by an iguana

Illustrated notes

Levels and vault maps discovered:
D:        linesprint [early_d, line_temple, items_1, d_10, items_2, lair_1,
          lair_end, items_3, orc_1, orc_end, items_4, d_15, swamp_1, shoals_1,
          snake_1, spider_1, d_20, vaults_1, items_5, swamp_end, shoals_end,
          snake_end, spider_end, vaults_end, d_27, items_6, zot_1, zot_end,
          crypt_end, forest_end, elf_end, slime_end, tomb_end, abyss_end,
          pan_hell_end]

Skill      XL: |  1  2 |
---------------+-------+-----
Long Blades    | 3 |  3.6
Dodging        | 3 |  3.6
Armour         | 1 2 |  2.1
Fighting       | 3 |  3.2
Throwing       | |  1.7

Action                   || total
-------------------------++-------
Melee: Long sword        ||    18
  Use: Potion            ||     1
Armor: Leather armour    ||     3
Dodge: Dodged            ||    13

Table legend: (Time is in decaauts)
 A = Elapsed time spent in this place.
 B = Non-inter-level travel time spent in this place.
 C = Inter-level travel time spent in this place.
 D = Time resting spent in this place.
 E = Time spent auto-exploring this place.
 F = Levels seen in this place.
 G = Mean time per level.
                   A        B        C        D        E       F      G
               +--------+--------+--------+--------+--------+-----+--------+
         Total |     50 |     50 |      0 |     12 |      0 |   1 |   50.0 |
       Dungeon |     50 |     50 |      0 |     12 |      0 |   1 |   50.0 |
               +--------+--------+--------+--------+--------+-----+--------+

Top non-repeatable levels by time:
       D: 50 daAuts
